 Dungeon Crawl Stone Soup version 0.28-a0-1594-ga885d4b3d6 (webtiles) character file.

Game seed: 17407237310699663087

3 Hasart the Sneak (level 1, -4/18 HPs)
             Began as a Demigod Delver on Jan 20, 2022.
             Slain by a wyvern skeleton (10 damage)
             ... on level 5 of the Dungeon.
             The game lasted 00:01:16 (315 turns).

Hasart the Sneak (Demigod Delver)                    Turns: 315, Time: 00:01:17

Health: -4/18      AC:  3    Str: 13    XL:     1   Next: 33%
Magic:  3/3        EV: 12    Int: 12    God:
Gold:   0          SH:  0    Dex: 15    Spells: 0/0 levels left

rFire   . . .      SeeInvis .   a - +0 falchion
rCold   . . .      Faith    .   (no shield)
rNeg    . . .      Spirit   .   b - +0 leather armour
rPois   .          Reflect  .   (no helmet)
rElec   .          Harm     .   (no cloak)
rCorr   .          Rampage  .   (no gloves)
Will    .....                   (no boots)
Stlth   +++.......              (no amulet)
HPRegen 0.06/turn               (no ring)
MPRegen 0.08/turn               (no ring)

@: no status effects
A: high mp 1, forlorn, divine attributes
a: no special abilities


You were on level 5 of the Dungeon.
You visited 1 branch of the dungeon, and saw 2 of its levels.

Inventory:

Hand Weapons
 a - a +0 falchion (weapon)
Armour
 b - a +0 leather armour (worn)
Wands
 g - a wand of digging (3)
Scrolls
 c - a scroll of fog
 d - a scroll of magic mapping
 e - a scroll of fear
 h - 2 scrolls of identify {unknown}
Potions
 f - a potion of haste


   Skills:
 + Level 2.7 Fighting
 * Level 1.9 Long Blades
 + Level 0.1 Armour
 + Level 1.8 Dodging
 - Level 4.5 Stealth


You couldn't memorise any spells.
You didn't know any spells.
Your spell library contained the following spells:

 Spells                   Type           Power      Damage    Failure   Level
 Beastly Appendage        Tmut           0%         N/A       38%         1
 Wereblood                Tmut           0%         N/A       54%         2
 Spider Form              Tmut/Pois      0%         N/A       77%         3


Dungeon Overview and Level Annotations

Branches:
Dungeon (5/15)
 Temple: D:4-7


Innate Abilities, Weirdness & Mutations

You have an increased reservoir of magic. (+10% MP)
You shall have no god before yourself.
Your divine heritage dramatically boosts your attributes as you level up.


Message History

Unknown command.
The orc hits you with a +0 mace!
You climb downwards.
Reactivating autopickup.
There is a stone staircase leading up here.
You hit the orc.
The orc is lightly wounded.
The orc barely misses you. The orc closely misses you.
You closely miss the orc.
The orc is lightly wounded.
The orc hits you with a +0 mace.
You completely miss the orc.
The orc is lightly wounded.
The orc hits you with a +0 mace.
* * * LOW HITPOINT WARNING * * *
You hit the orc but do no damage.
The orc is lightly wounded.
The orc closely misses you.
You hit the orc.
The orc is severely wounded.
The orc barely misses you.
You hit the orc.
You kill the orc!
You start resting.
A bullfrog zombie comes into view.
You see here 17 arrows.
You start resting.
HP restored.
You see here 17 arrows.
A wyvern skeleton comes into view.
A wyvern skeleton is nearby!
The wyvern skeleton bites you. The wyvern skeleton bites you!
Ouch! That really hurt!
You are too injured to fight recklessly!
You are too injured to fight recklessly!
You hit the wyvern skeleton.
The wyvern skeleton is lightly damaged.
The wyvern skeleton bites you!
Ouch! That really hurt!
You die...

##..##### ####
##.......#####....
#..#.............######
#.#..............##...##
...........>..........#.
#......................
#..........#...........
#....Z@......).........
............#..<........
#..........##...#####...
##..................#...
#..........#######..(..
#..........# ####..
#..........# #...
#..........# #...
#........## #...


You could see a wyvern skeleton.

Vanquished Creatures
  An orc (D:5)
  A goblin (D:4)
2 creatures vanquished.

Notes
Turn   | Place    | Note
-------+----------+-------------------------------------------
     0 | D:5      | Hasart the Demigod Delver began the quest for the Orb.
     0 | D:5      | Reached XP level 1. HP: 18/18 MP: 3/3
    51 | D:4      | Noticed an orc wizard
   315 | D:5      | Slain by a wyvern skeleton

Illustrated notes

Levels and vault maps discovered:
D:4:      layout_cave_pools, mainiacjoe_overflow_cross_hatched,
          minmay_temple_entry_stoned_glass
D:5:      layout_rooms, mainiacjoe_overflow_surrounded_room, serial_glass,
          glass_columns_a, glass_columns_a, minmay_strange_pillars,
          item_on_display_a, due_unseen_surprise, uniq_blork_the_orc,
          uniq_edmund

Action                   || total
-------------------------++-------
Melee: Falchion          ||    11
Dodge: Dodged            ||     9

Table legend: (Time is in decaauts)
 A = Elapsed time spent in this place.
 B = Non-inter-level travel time spent in this place.
 C = Inter-level travel time spent in this place.
 D = Time resting spent in this place.
 E = Time spent auto-exploring this place.
 F = Levels seen in this place.
 G = Mean time per level.
                   A        B        C        D        E       F      G
               +--------+--------+--------+--------+--------+-----+--------+
         Total |    317 |    317 |      0 |    220 |     12 |   2 |  158.5 |
       Dungeon |    317 |    317 |      0 |    220 |     12 |   2 |  158.5 |
               +--------+--------+--------+--------+--------+-----+--------+

Top non-repeatable levels by time:
     D:5: 301 daAuts
     D:4: 15 daAuts
